 Dungeon Crawl Stone Soup version 0.20.0-15-g7f486f2 (webtiles) character file.

31 esteth the Digger (level 3, -1/19 HPs)
             Began as a Gargoyle Earth Elementalist on June 15, 2017.
             Slain by a goblin
             ... wielding a +0 club
              (4 damage)
             ... on level 1 of the Dungeon.
             The game lasted 00:02:58 (901 turns).

esteth the Digger (Gargoyle Earth Elementalist)      Turns: 901, Time: 00:02:58

Health: -1/19      AC:  6    Str: 11    XL:     3   Next: 22%
Magic:  1/6        EV: 12    Int: 16    God:
Gold:   98         SH:  0    Dex: 10    Spells: 5/6 levels left

rFire    . . .     SeeInvis .   (no weapon)
rCold    . . .     Gourm    .   (no shield)
rNeg     + . .     Faith    .   c - +0 robe
rPois    ∞         Spirit   .   j - +0 helmet
rElec    +         Reflect  .   (no cloak)
rCorr    .         Harm     .   (no gloves)
MR       .....                  (no boots)
Stlth    ++........             i - amulet of rage
Regen    0.1/turn               h - ring of wizardry
MPRegen  0.1/turn               (no ring)

@: no status effects
A: negative energy resistance 1, electricity resistance, unbreathing,
petrification resistance, rot immunity, AC +3
a: Evoke Berserk Rage


You were on level 1 of the Dungeon.
You were hungry.

You visited 1 branch of the dungeon, and saw 1 of its levels.

You collected 98 gold pieces.

Inventory:

Missiles
 b - 44 stones (quivered)
Armour
 c - a +0 robe (worn)
 j - a +0 helmet (worn)
Jewellery
 h - a ring of wizardry (left hand)
 i - an amulet of rage (around neck)
Scrolls
 g - a scroll of enchant weapon {unknown}
 k - 2 scrolls of identify {unknown}
Potions
 a - a potion of agility {unknown}
 l - 2 potions of mutation {unknown}
 m - a potion of curing {unknown}
Books
 e - a book of Geomancy

   Spells                             Type                      Level
   a - Sandblast                      Earth                        1
   b - Passwall                       Transmutation/Earth          2
   c - Stone Arrow                    Conjuration/Earth            3
   d - Petrify                        Transmutation/Earth          4
   e - Lee's Rapid Deconstruction     Earth                        5
Comestibles
 d - a bread ration
 f - 2 fruits


   Skills:
 - Level 1.5 Dodging
 - Level 2.1 Stealth
 - Level 2.0 Spellcasting
   Level 0.7 Transmutations
 + Level 5.1 Earth Magic


You had 5 spell levels left.
You knew the following spells:

 Your Spells              Type           Power        Failure   Level  Hunger
a - Sandblast             Erth           ###...       1%          1    #......


Dungeon Overview and Level Annotations

Branches:
Dungeon (1/15)

Altars:


Innate Abilities, Weirdness & Mutations

You are resistant to torment.
Your stone body is resilient. (AC +3)
You are immune to poison.
You resist negative energy. (rN+)
You are resistant to electric shocks. (rElec)
You can survive without breathing.
You are immune to petrification.
You are immune to rotting.


Message History

* * * LOW HITPOINT WARNING * * *
You miss the goblin.
The goblin is severely wounded.
The goblin closely misses you.
Casting: Sandblast
Confirm with . or Enter, or press ? or * to list all spells.
Aiming: Sandblast
Press: ? - help, Shift-Dir - straight line, f - goblin
Aim: a goblin, wielding a club (severely wounded)
The blast of sand misses the goblin.
b - 45 stones
Casting: Sandblast
Confirm with . or Enter, or press ? or * to list all spells.
Aiming: Sandblast
Press: ? - help, Shift-Dir - straight line, f/p - goblin
Aim: a goblin, wielding a club (severely wounded)
The blast of sand misses the goblin.
b - 44 stones The goblin hits you with a club.
You die...

#.# #.# #.# #.#
#.# . #.# ...
#)#
.....########.#
..........g@..#
.....##########
..g .


You could see a goblin.

Vanquished Creatures
  A leopard gecko (D:1)
  A giant cockroach (D:1)
  4 goblins (D:1)
  4 hobgoblins (D:1)
  8 jackals (D:1)
  2 bats (D:1)
  2 frilled lizards (D:1)
  2 kobolds (D:1)
  A rat (D:1)
25 creatures vanquished.

Notes
Turn   | Place    | Note
-------+----------+-------------------------------------------
     0 | D:1      | esteth the Gargoyle Earth Elementalist began the quest for the Orb.
     0 | D:1      | Reached XP level 1. HP: 10/10 MP: 3/3
   110 | D:1      | Reached skill level 4 in Earth Magic
   171 | D:1      | Reached XP level 2. HP: 13/15 MP: 5/5
   801 | D:1      | Reached XP level 3. HP: 17/19 MP: 4/6
   853 | D:1      | Reached skill level 5 in Earth Magic
   901 | D:1      | Slain by a goblin

Skill      XL: |  1  2  3 |
---------------+----------+-----
Earth Magic    | 4 5 |  5.1
Dodging        | |  1.5
Stealth        | |  2.1
Spellcasting   | |  2.0
Transmutations | |  0.7

Action                   || total
-------------------------++-------
Melee: Unarmed           ||   155
 Cast: Sandblast         ||    14
 Stab: Sleeping          ||     1
Armor: Robe              ||    62
Dodge: Dodged            ||   116
